 Seeded DCSS version 0.29.1-13-g9f3cf754e1 (webtiles) character file.

Game seed: 8067774122993711936 (custom seed)

4029 OTABOTABOTAB the Basher (level 10, -12/79 HPs)
             Began as a Formicid Fighter on Jan 24, 2023.
             Was a Believer of Okawaru.
             Mangled by a gnoll sergeant
             ... wielding a +5 spear of venom
              (13 damage)
             ... on level 9 of the Dungeon.
             The game lasted 00:18:37 (9571 turns).

OTABOTABOTAB the Basher (Formicid Fighter)          Turns: 9571, Time: 00:18:37

Health: -12/79     AC: 22    Str: 30    XL:     10   Next: 48%
Magic:  15/15      EV:  5    Int:  7    God:    Okawaru [**....]
Gold:   406        SH:  8    Dex: 17    Spells: 9/9 levels left

rFire   + . .      SeeInvis +   a - +2 war axe (elec)
rCold   . . .      Faith    .   c - +1 buckler
rNeg    . . .      Spirit   .   u - +1 crystal plate armour
rPois   .          Reflect  .   (helmet unavailable)
rElec   .          Harm     .   (no cloak)
rCorr   .          Rampage  .   m - +0 pair of gloves
Will    +....                   j - +0 pair of boots
Stlth   ..........              (no amulet)
HPRegen 0.23/turn               F - ring of protection from fire {rF+, !d}
MPRegen 0.14/turn               g - +6 ring of strength

@: lethally poisoned (-12 -> -31)
A: permanent stasis, dig shafts and tunnels, antennae 3, four strong arms, agile
1, high MP 1
a: Dig, Shaft Self, Renounce Religion, Heroism


You were on level 9 of the Dungeon.
You worshipped Okawaru.
Okawaru was pleased with you.
You visited 2 branches of the dungeon, and saw 10 of its levels.
You also visited: Ossuary.

You collected 445 gold pieces.
You spent 39 gold pieces at shops.

Inventory:

Hand Weapons
 a - a +2 war axe of electrocution (weapon)
   (You took it off an orc on level 8 of the Dungeon)
 b - a +4 vampiric hand axe
   (You took it off an orc on level 3 of the Dungeon)
Missiles
 d - 5 boomerangs
 e - 4 javelins
 h - 4 atropa-tipped darts
 k - 31 poisoned darts
 n - 2 curare-tipped darts
 s - 31 stones
Armour
 c - a +1 buckler (worn)
 j - a +0 pair of boots (worn)
   (You found it on level 3 of the Dungeon)
 m - a +0 pair of gloves (worn)
   (You found it on level 7 of the Dungeon)
 u - a +1 crystal plate armour (worn)
   (You found it on level 5 of the Dungeon)
Jewellery
 g - a +6 ring of strength (right hand)
   (You found it on level 2 of the Dungeon)
 F - a ring of protection from fire (left hand) {rF+, !d}
   (You found it on level 5 of the Dungeon)
 X - a ring of resist corrosion
   (You found it on level 1 of the Dungeon)
Wands
 i - a wand of iceblast (7)
   (You found it on level 7 of the Dungeon)
 p - a wand of paralysis (17)
   (You found it on level 8 of the Dungeon)
 q - a wand of flame (12)
   (You found it on level 8 of the Dungeon)
Scrolls
 f - 2 scrolls of enchant armour
 v - a scroll of amnesia {unknown}
 w - a scroll of vulnerability {unknown}
Potions
 l - 3 potions of cancellation
 o - a potion of might
 r - 3 potions of attraction {!q}
 t - 2 potions of lignification {unknown}
 x - a potion of ambrosia {unknown}
 B - a potion of brilliance
 J - 2 potions of curing {@q1}
 M - 3 potions of magic
 N - 3 potions of heal wounds {@q2}
 U - 3 potions of mutation {!q}


   Skills:
 + Level 7.5 Fighting
 * Level 9.0 Maces & Flails
 + Level 7.5 Armour
 + Level 8.9 Shields
 + Level 5.2 Invocations


You had 9 spell levels left.
You didn't know any spells.
Your spell library contained the following spells:

 Spells                   Type           Power      Damage    Failure   Level
 Sting                    Tmut/Pois      0%         1d3       100%        1
 Ensorcelled Hibernation  Hex/Ice        0%         N/A       100%        2
 Passwall                 Tmut/Erth      0%         N/A       100%        2
 Poisonous Vapours        Pois/Air       0%         N/A       100%        2
 Conjure Flame            Conj/Fire      0%         6-21      100%        3
 Gell's Gravitas          Tloc           0%         N/A       100%        3
 Ignite Poison            Fire/Tmut/Pois 0%         N/A       100%        3
 Lesser Beckoning         Tloc           0%         N/A       100%        3
 Spider Form              Tmut/Pois      0%         N/A       100%        3
 Stone Arrow              Conj/Erth      0%         3d7       100%        3
 Teleport Other           Tloc           0%         N/A       100%        3
 Anguish                  Hex/Necr       0%         N/A       100%        4
 Fulminant Prism          Conj/Hex       0%         3d6       100%        4
 Iskenderun's Mystic Bla  Conj/Tloc      0%         2d3       100%        4
 Olgreb's Toxic Radiance  Pois           0%         N/A       100%        4
 Sticky Flame             Conj/Fire      0%         2d3       100%        4
 Lee's Rapid Deconstruct  Erth           0%         3d5*      100%        5
 Lehudib's Crystal Spear  Conj/Erth      0%         10d2      100%        8
 Swiftness                Air            Unusable   N/A       N/A         3
 Animate Armour           Summ/Erth      Unusable   N/A       N/A         4

Dungeon Overview and Level Annotations

Branches:
Dungeon (9/15)             Temple (1/1) D:5         Ossuary (visited)
   Lair: D:8-11         Orc: D:9-12

Altars:
Cheibriados
Dithmenos
Elyvilon
Hepliaklqana
Kikubaaqudgha
Nemelex Xobeh
Okawaru
Sif Muna
Trog
Uskayaw
Vehumet
Wu Jian
Xom
Zin
The Shining One
Lugonu

Shops:
D:1 [   D:2 (   D:3 !   D:4 :   D:7 =

Annotations:
D:7 2 transporters


Innate Abilities, Weirdness & Mutations

You cannot be hasted, slowed, berserked, paralysed or teleported.
You can dig through walls and to a lower floor.
You have a pair of large antennae on your head. (SInv)
Your four strong arms can wield two-handed weapons with a shield.
You are agile. (Dex +4, Str/Int -1)
You have an increased reservoir of magic. (+10% MP)


Message History

Your Maces & Flails skill increases to level 9!
You hit the gnoll. The gnoll hits you with a +0 flail.
The gnoll hits you but does no damage.
You take 3 damage, and have 57/79 hp.
You slash the gnoll! Lightning courses through the gnoll!!
You kill the gnoll!
Okawaru accepts your kill.
You hit the gnoll. The gnoll barely misses you.
You slash the gnoll!
You kill the gnoll!
Okawaru accepts your kill.
Unknown command. 2 gnolls come into view.
A gnoll is wielding a +1 halberd of protection.
The gnoll shouts! x2
The gnoll barely misses you.
The gnoll moves out of view.
Things that are here:
a +0 flail; a gnoll corpse You slash the gnoll!
The gnoll hits you but does no damage.
A gnoll sergeant comes into view. It is wielding a +5 spear of venom.
You barely miss the gnoll.
The gnoll sergeant shouts!
The gnoll hits you but does no damage. You block the gnoll's attack.
You hit the gnoll but do no damage. The gnoll hits you with a +0 whip.
You take 4 damage, and have 55/79 hp.
Unknown command.
You barely miss the gnoll. You block the gnoll's attack.
The gnoll hits you but does no damage.
You completely miss the gnoll. You slash the gnoll!
You kill the gnoll!
Okawaru accepts your kill. The gnoll hits you but does no damage.
You block the gnoll's attack.
There is a stone staircase leading up here.
You block the gnoll's attack.
You hit the gnoll. The gnoll closely misses you. You block the gnoll's attack.
The gnoll sergeant hits you from afar with a +5 spear of venom.
You are poisoned.
The gnoll sergeant barely misses you. The gnoll hits you but does no damage.
The gnoll barely misses you.
You take 4 damage, and have 52/79 hp.
You hit the gnoll.
You kill the gnoll!
Okawaru accepts your kill.
You feel very sick. The gnoll hits you but does no damage.
The gnoll sergeant hits you but does no damage.
You take 4 damage, and have 48/79 hp.
You feel sick. The gnoll hits you but does no damage.
You block the gnoll sergeant's attack.
You see here a +0 whip.
You take 2 damage, and have 46/79 hp.
You closely miss the gnoll. You barely miss the gnoll sergeant.
You feel sick. The gnoll hits you but does no damage.
You block the gnoll sergeant's attack.
You take 1 damage, and have 45/79 hp.
You slice the gnoll!!
You kill the gnoll!
Okawaru accepts your kill.
You slash the gnoll sergeant!
You feel sick. You block the gnoll sergeant's attack.
You take 2 damage, and have 43/79 hp.
You feel sick.
The gnoll sergeant hits you but does no damage.
You see here a +1 halberd of protection.
You take 1 damage, and have 42/79 hp.
Unknown command.
You barely miss the gnoll sergeant.
You feel sick.
The gnoll sergeant hits you but does no damage.
You are more poisoned.
You block the gnoll sergeant's attack.
You take 1 damage, and have 41/79 hp.
You barely miss the gnoll sergeant.
You feel very sick.
The gnoll sergeant hits you with a +5 spear of venom.
You are more poisoned.
You take 5 damage, and have 36/79 hp.
You hit the gnoll sergeant.
You feel very sick.
The gnoll sergeant hits you with a +5 spear of venom.
You are more poisoned.
You take 9 damage, and have 27/79 hp.
You hit the gnoll sergeant.
* * * LOW HITPOINT WARNING * * *
You feel very sick.
The gnoll sergeant hits you with a +5 spear of venom.
* * * LOW HITPOINT WARNING * * *
You block the gnoll sergeant's attack.
Unknown command.
You take 7 damage, and have 20/79 hp.
You hit the gnoll sergeant.
* * * LOW HITPOINT WARNING * * *
You feel very sick.
The gnoll sergeant hits you with a +5 spear of venom!
* * * LOW HITPOINT WARNING * * *
You are more poisoned.
You take 13 damage, and have 7/79 hp.
You barely miss the gnoll sergeant.
* * * LOW HITPOINT WARNING * * *
You feel extremely sick.
The gnoll sergeant hits you with a +5 spear of venom!
You die...

##### #####.#..##
## ###.........#
.#.. #..........###
..... #...........#
......##..........#
........)g........#
......##.@.......##
#.... #.#.))......
#... $.##.).......
##. ##. #......#.#
# #. #.....## # #.
#.#..[.. #.
#........
##.......# ......#


You could see a gnoll sergeant.

Vanquished Creatures
  A troll (D:9)
  3 yaks (D:8)
  A wyvern (D:7)
  A steam dragon (D:6)
  Duvessa (D:5)
  4 orc warriors (D:6)
  2 black bears (D:6)
  2 sky beasts
  2 centaurs
  A phantom (D:5)
  3 kobold brigands
  2 necrophages
  A bullfrog (D:8)
  2 scorpions (D:5)
  3 wights
  Dowan (D:5)
  3 killer bees (D:7)
  A human zombie (Ossuary)
  3 centaur zombies (Ossuary)
  3 hounds
  3 gnoll boudas
  7 orc priests
  6 orc wizards
  5 iguanas
  2 mummies (Ossuary)
  13 gnolls
  6 adders
  A shadow imp (D:5)
  3 white imps
  An adder zombie (Ossuary)
  3 dart slugs
  32 orcs
  8 ball pythons
  2 bats
  8 endoplasms
  4 giant cockroaches
  6 hobgoblins
  4 jackals (D:2)
  A quokka (D:1)
  6 frilled lizards
  8 goblins
  A goblin zombie (Ossuary)
  8 hobgoblin zombies (Ossuary)
  2 jackal zombies (Ossuary)
  20 kobolds
  11 kobold zombies (Ossuary)
  8 orc zombies (Ossuary)
  5 rats
  2 rat zombies (Ossuary)
226 creatures vanquished.

Vanquished Creatures (others)
  An orc wizard (D:7)
1 creature vanquished.

Grand Total: 227 creatures vanquished

Notes
Turn   | Place    | Note
-------+----------+-------------------------------------------
     0 | D:1      | OTABOTABOTAB the Formicid Fighter began the quest for the
                  | Orb.
     0 | D:1      | Reached XP level 1. HP: 18/18 MP: 1/1
   125 | D:1      | Reached XP level 2. HP: 24/24 MP: 2/2
   483 | D:1      | Found Woicy's Armour Shop.
   648 | D:1      | Reached XP level 3. HP: 29/29 MP: 3/3
   777 | D:1      | Found a faded altar of an unknown god.
  1159 | D:2      | You fall into a shaft and drop 1 floor!
  1159 | D:3      | Found Nyuxt's Magic Scroll Emporium.
  1267 | D:2      | HP: 4/29 [gnoll/+0 flail (6)]
  1268 | D:2      | HP: 1/29 [gnoll/+0 flail (4)]
  1270 | D:2      | Gained mutation: You have an increased reservoir of magic.
                  | (+10% MP) [potion of mutation]
  1270 | D:2      | Gained mutation: You are agile. (Dex +4, Str/Int -1)
                  | [potion of mutation]
  1275 | D:2      | Reached XP level 4. HP: 2/37 MP: 4/4
  1276 | D:2      | Reached skill level 3 in Maces & Flails
  1785 | D:2      | Noticed a necrophage
  1800 | D:2      | Killed a necrophage
  1801 | D:2      | Reached skill level 4 in Fighting
  1801 | D:2      | Reached skill level 4 in Armour
  1801 | D:2      | Reached XP level 5. HP: 32/42 MP: 5/5
  2287 | D:2      | Found Nuobymm's Weapon Emporium.
  2302 | D:2      | Reached skill level 5 in Shields
  2622 | D:3      | Reached skill level 4 in Maces & Flails
  2622 | D:3      | Reached XP level 6. HP: 19/48 MP: 6/6
  3068 | D:3      | Found Corcheubo's Distillery.
  3072 | D:3      | Bought a potion of curing for 39 gold pieces
  3647 | D:4      | Identified the amulet of Boguxt {RegenMP rC+ Str+2 Int-5}
  3934 | D:4      | Reached XP level 7. HP: 37/55 MP: 7/7
  4128 | D:4      | Found an ornate altar of the Wu Jian Council.
  4129 | D:4      | Found a shimmering blue altar of Sif Muna.
  4264 | D:4      | Found Kofachub's Tremendous Tomes.
  4296 | D:5      | Entered Level 5 of the Dungeon
  4395 | D:5      | Noticed Duvessa
  4395 | D:5      | Noticed Dowan
  4421 | D:4      | Reached skill level 5 in Maces & Flails
  4536 | D:5      | Killed Duvessa
  4537 | D:5      | Reached skill level 5 in Fighting
  4537 | D:5      | Reached skill level 5 in Armour
  4537 | D:5      | Reached skill level 6 in Shields
  4543 | D:5      | HP: 6/56 [Dowan/shard of ice (10)]
  4780 | D:5      | Killed Dowan
  5011 | D:5      | Reached XP level 8. HP: 44/62 MP: 8/8
  5367 | D:5      | Reached skill level 6 in Maces & Flails
  5439 | D:5      | Found a shadowy altar of Dithmenos.
  5673 | D:5      | Found a staircase to the Ecumenical Temple.
  5679 | Temple   | Entered the Ecumenical Temple
  5727 | Temple   | Became a worshipper of Warmaster Okawaru
  5998 | D:6      | Reached skill level 1 in Invocations
  6353 | D:6      | Reached skill level 7 in Shields
  6396 | D:6      | Reached skill level 6 in Fighting
  6396 | D:6      | Reached XP level 9. HP: 62/69 MP: 11/11
  6483 | D:6      | Reached skill level 6 in Armour
  6483 | D:6      | Reached skill level 2 in Invocations
  6614 | D:6      | Reached * piety under Okawaru
  6615 | D:6      | Reached skill level 7 in Maces & Flails
  6652 | D:6      | HP: 11/70 [orc warrior/+0 scimitar (7)]
  6653 | D:6      | HP: 3/70 [orc warrior/+0 scimitar (9)]
  6661 | D:6      | Reached skill level 3 in Invocations
  6779 | D:6      | Found a white marble altar of Elyvilon.
  7623 | D:7      | Noticed an ancient zyme
  7639 | D:7      | Found Posuph's One-of-a-Kind Rings.
  7762 | D:7      | Reached skill level 8 in Shields
  7768 | D:7      | Reached skill level 8 in Maces & Flails
  8132 | D:7      | Found a transporter.
  8133 | D:7      | Noticed a purple ugly thing
  8133 | D:7      | Noticed a salamander
  8169 | D:7      | Found a corrupted altar of Lugonu.
  8170 | D:7      | Noticed a cyan ugly thing
  8172 | D:7      | Noticed a green ugly thing
  8181 | D:7      | Noticed an elephant
  8211 | D:7      | Found a transporter.
  8255 | D:7      | Reached ** piety under Okawaru
  8256 | D:7      | Reached skill level 4 in Invocations
  8264 | D:8      | Reached XP level 10. HP: 74/76 MP: 14/14
  8270 | D:8      | Reached skill level 7 in Fighting
  8270 | D:8      | Reached skill level 7 in Armour
  8388 | D:8      | Found a sand-covered staircase.
  8392 | Ossuary  | Entered an ossuary
  8997 | D:8      | Reached skill level 5 in Invocations
  9224 | D:8      | Found a sparkling altar of Nemelex Xobeh.
  9364 | D:8      | Found a glowing golden altar of the Shining One.
  9547 | D:9      | Reached skill level 9 in Maces & Flails
  9570 | D:9      | HP: 15/79 [poisoned by a gnoll sergeant]
  9570 | D:9      | HP: 7/79 [gnoll sergeant/+5 spear of venom (8)]
  9571 | D:9      | HP: 1/79 [poisoned by a gnoll sergeant]
  9571 | D:9      | Mangled by a gnoll sergeant

Illustrated notes

Levels and vault maps discovered:
D:1:      eino_arrival_tree_alley, layout_basic,
          hellmonk_ecumenical_altar_inner_sanctum, serial_shops,
          nicolae_shop_hallway_stairs
D:2:      layout_basic, serial_shops, nicolae_shop_bloodbath_and_beyond
D:3:      layout_rooms, serial_shops, nicolae_shop_crystal, shop_scrolls
D:4:      layout_cave_pools, gammafunk_temple_overflow_statue,
          nicolae_shop_i_like_big_books
D:5:      layout_gridville, nicolae_overflow_hidden_temple,
          minmay_temple_entry_enclosed_plants, corner_web_ring,
          minmay_checkerbox, uniq_duvessa
D:6:      layout_basic, minmay_ruined_shrine
D:7:      gammafunk_corrupted_shrine, layout_rooms, nicolae_shop_unique_rings
D:8:      layout_cave_pools, nemelex_spade_bored_becter,
          mainiacjoe_overflow_24_doors, nicolae_ossuary_entry_plus,
          minmay_misc_feat_square
D:9:      minmay_statue_hallways, layout_cave_pools, marbit_many_paths,
          mainiacjoe_overflow_small_starburst, lemuel_tele_altar,
          bloody_makhleb, chequers_temple_overflow_minitemple,
          ebering_ghost_funeral_grove, hangedman_glass_teeth,
          nicolae_shop_clearance
Temple:   nicolae_temple_cloud_nine

Skill      XL: |  1  2  3  4  5  6  7  8  9 10 |
---------------+-------------------------------+-----
Maces & Flails | 3 4 5 6 8 9 |  9.0
Fighting       | 4 5 6 7 |  7.5
Armour         | 4 5 6 7 |  7.5
Shields        | 5 6 7 8 |  8.9
Invocations    | 1 4 5 |  5.2

Action                   |  1- 3 |  4- 6 |  7- 9 | 10-12 || total
-------------------------+-------+-------+-------+-------++-------
Melee: Flail             |    61 |   147 |    15 |       ||   223
       Hand axe          |       |       |   328 |   131 ||   459
       War axe           |       |       |       |    36 ||    36
Throw: Stone             |     3 |    13 |       |       ||    16
       Dart              |       |     8 |       |       ||     8
       Javelin           |       |     6 |       |       ||     6
Invok: Heroism           |       |       |     2 |       ||     2
 Abil: Dig               |       |       |     1 |       ||     1
  Use: Potion            |     4 |       |     3 |       ||     7
       Scroll            |       |     3 |     8 |     1 ||    12
 Stab: Invisible         |     1 |       |       |       ||     1
Armor: Scale mail        |    19 |    39 |       |       ||    58
       Chain mail        |       |    29 |    36 |       ||    65
       Crystal plate arm |       |       |   151 |   104 ||   255
Dodge: Dodged            |    20 |    67 |    95 |    22 ||   204
Block: Buckler           |    13 |    49 |   116 |    47 ||   225

Table legend: (Time is in decaauts)
 A = Elapsed time spent in this place.
 B = Non-inter-level travel time spent in this place.
 C = Inter-level travel time spent in this place.
 D = Time resting spent in this place.
 E = Time spent auto-exploring this place.
 F = Levels seen in this place.
 G = Mean time per level.
                   A        B        C        D        E       F      G
               +--------+--------+--------+--------+--------+-----+--------+
         Total |   9690 |   9440 |    250 |   1419 |   6320 |  11 |  880.9 |
       Dungeon |   9266 |   9021 |    245 |   1419 |   6069 |   9 | 1029.6 |
        Temple |     55 |     50 |      5 |      0 |     43 |   1 |   55.0 |
       Ossuary |    368 |    368 |      0 |      0 |    208 |   1 |  368.0 |
               +--------+--------+--------+--------+--------+-----+--------+

Top non-repeatable levels by time:
     D:6: 1673 daAuts
     D:2: 1217 daAuts
     D:4: 1215 daAuts
     D:1: 1172 daAuts
     D:3: 1155 daAuts
     D:5: 1133 daAuts
     D:8: 940 daAuts
     D:7: 722 daAuts
 Ossuary: 368 daAuts
  Temple: 55 daAuts
     D:9: 35 daAuts

Table legend:
 A = Kills in this place as a percentage of kills in entire the game.
 B = Kills by you in this place as a percentage of kills by you in the entire game.
 C = Kills by friends in this place as a percentage of kills by friends in the entire game.
 D = Other kills in this place as a percentage of other kills in the entire game.
 E = Experience gained in this place as a percentage of experience gained in the entire game.
 F = Experience gained in this place divided by the number of levels of this place that you have seen.
                   A       B       C       D       E      F
               +-------+-------+-------+-------+-------+----------------------
         Total | 100.0 | 100.0 |   N/A | 100.0 | 100.0 | 523.4
       Dungeon |  82.8 |  82.7 |   N/A | 100.0 |  95.7 | 612.3
       Ossuary |  17.2 |  17.3 |   N/A |   0.0 |   4.3 | 246.0
               +-------+-------+-------+-------+-------+----------------------
